[Event "Team 45 45 League T50"]
[Site "Internet Chess Club"]
[Date "2011.08.11"]
[Round "1"]
[White "vael"]
[Black "Freitac"]
[Result "1/2-1/2"]
[WhiteElo "1734"]
[BlackElo "1938"]
[Opening "Caro-Kann defense"]
[ECO "B10"]
[Time "18:04:38"]
[TimeControl "2700+45"]

1. e4 c6 2. Nf3 d5 3. d3 dxe4 4. dxe4 Qxd1+ 5. Kxd1 Nf6 6. Nc3 Bg4 7. Be2 Nbd7
8. Be3 e6 9. a3 Nc5 10. Nd2 Bxe2+ 11. Kxe2 Ng4 12. Bf4 O-O-O 13. f3 Nf6 14. Rhd1
Nh5 15. Be3 a5 16. Nc4 Be7 17. Nxa5 f5 18. Rxd8+ Rxd8 19. exf5 exf5 20. Rd1 Re8
21. Kf1 Nd7 22. Nxb7 Bxa3 23. Bf2 Kxb7 24. bxa3 Nhf6 25. a4 Ne5 26. Re1 Nc4 27.
Rxe8 Nxe8 28. Bc5 Nf6 29. Ke2 Nd7 30. Bd4 g6 31. Kd3 Nb2+ 32. Ke3 g5 33. Ke2
{Game drawn by mutual agreement} 1/2-1/2

[Event "Team 45 45 League T50"]
[Site "Internet Chess Club"]
[Date "2011.08.14"]
[Round "1"]
[White "Sir-Sinister"]
[Black "bshribharath"]
[Result "1-0"]
[WhiteElo "1810"]
[BlackElo "1712"]
[Opening "Sicilian: closed"]
[ECO "B23"]
[Time "11:00:22"]
[TimeControl "2700+45"]

1. Nc3 c5 2. e4 e6 3. f4 Nc6 4. Nf3 g6 5. g3 a6 6. Bg2 Bg7 7. O-O Nge7 8. e5 d5
9. exd6 Qxd6 10. Ne4 Qd8 11. c3 c4 12. Qe2 b5 13. b3 a5 14. bxc4 bxc4 15. Ba3
O-O 16. Rab1 Nd5 17. Bxf8 Bxf8 18. Qxc4 Qd7 19. Ne5 Nxe5 20. fxe5 Qa7+ 21. Qd4
Qxd4+ 22. cxd4 Ba6 {Black resigns} 1-0

[Event "Team 45 45 League T50"]
[Site "Internet Chess Club"]
[Date "2011.08.13"]
[Round "1"]
[White "FlyingTiger"]
[Black "gwolff"]
[Result "0-1"]
[WhiteElo "1834"]
[BlackElo "1843"]
[Opening "French: classical, Steinitz variation"]
[ECO "C14"]
[Time "12:01:30"]
[TimeControl "2700+45"]

1. e4 e6 2. d4 d5 3. Nc3 Nf6 4. Bg5 Be7 5. e5 Nfd7 6. Bxe7 Qxe7 7. f4 O-O 8. Nf3
a6 9. Bd3 h6 10. Qd2 c5 11. dxc5 Nc6 12. a3 Qxc5 13. O-O-O b5 14. Na2 a5 15. Qc3
Qe3+ 16. Kb1 Qb6 17. b4 Bb7 18. f5 d4 19. Qb3 Ncxe5 20. fxe6 fxe6 21. Nxd4 Bd5
22. Qb2 Nxd3 23. Rxd3 Ne5 24. Rg3 Nc4 25. Rxg7+ Kh8 26. Qc3 e5 27. Qh3 Kxg7 28.
Nf5+ Kh7 29. Ne7 Qd4 {White forfeits on time} 0-1

[Event "Team 45 45 League T50"]
[Site "Internet Chess Club"]
[Date "2011.08.14"]
[Round "1"]
[White "AntonioMendonca"]
[Black "Ivio"]
[Result "1/2-1/2"]
[WhiteElo "1496"]
[BlackElo "1715"]
[Opening "French: advance, Nimzovich system"]
[ECO "C02"]
[Time "18:12:20"]
[TimeControl "2700+45"]

1. e4 e6 2. d4 d5 3. e5 c5 4. Nf3 cxd4 5. Bd3 Nc6 6. O-O Qc7 7. Bf4 Bc5 8. Re1
Nge7 9. Nbd2 Nb4 10. Nb3 Nxd3 11. cxd3 Ng6 12. Bg3 Qe7 13. Rc1 b6 14. Nbxd4 Bxd4
15. Nxd4 O-O 16. Nb5 Qb4 17. Qb3 Qxb3 18. axb3 Bd7 19. Nd6 Bc8 20. Rc7 Ba6 21.
d4 Bd3 22. Rec1 a6 23. Rb7 Rab8 24. Ra7 Ra8 25. Rb7 Rab8 26. Ra7 Ra8 27. Rb7
{Game drawn by repetition} 1/2-1/2

[Event "Team 45 45 League T50"]
[Site "Internet Chess Club"]
[Date "2011.08.13"]
[Round "1"]
[White "frank001"]
[Black "achessman"]
[Result "0-1"]
[WhiteElo "1696"]
[BlackElo "1936"]
[Opening "Center game: Berger variation"]
[ECO "C22"]
[Time "23:41:59"]
[TimeControl "2700+45"]

1. e4 e5 2. d4 exd4 3. Qxd4 Nc6 4. Qe3 Nf6 5. Nc3 Bb4 6. Bd2 Qe7 7. f3 d5 8. Bb5
Bd7 9. Nge2 Bc5 10. Qf4 dxe4 11. fxe4 O-O-O 12. O-O-O Rhe8 13. Rhf1 Bd6 14. Qh4
a6 15. Bd3 h6 16. h3 Kb8 17. g4 Be5 18. a3 Be6 19. Qf2 Nd4 20. Nf4 Rd7 21. Nxe6
Nxe6 22. Rde1 Red8 23. Rd1 Nc5 24. Bc4 Ncxe4 25. Nxe4 Nxe4 26. Qxf7 Qc5 27. Bb4
Rxd1+ 28. Rxd1 Qe3+ {White resigns} 0-1

[Event "Team 45 45 League T50"]
[Site "Internet Chess Club"]
[Date "2011.08.11"]
[Round "1"]
[White "BigH"]
[Black "IceBox"]
[Result "1/2-1/2"]
[WhiteElo "1894"]
[BlackElo "1763"]
[Opening "Catalan: closed, 5.Nf3"]
[ECO "E06"]
[Time "14:46:26"]
[TimeControl "2700+45"]

1. d4 Nf6 2. c4 e6 3. g3 d5 4. Nf3 Be7 5. Bg2 O-O 6. O-O dxc4 7. Qc2 a6 8. Qxc4
b5 9. Qc2 Bb7 10. Bd2 Nbd7 11. Ba5 Nb6 12. Nbd2 Rc8 13. b4 Ne8 14. Rfd1 Nd6 15.
Ne5 Bxg2 16. Kxg2 f6 17. Nd3 Ndc4 18. Nf4 Qxd4 19. Nxc4 Qxc4 20. Qxc4 Nxc4 21.
Nxe6 Rfe8 22. Nxc7 Nxa5 23. Nxe8 Nc4 24. Nxf6+ Bxf6 25. Rab1 Re8 26. e3 Kf7 27.
Rb3 Rd8 28. Rxd8 Bxd8 29. f4 Bb6 30. e4 Nd2 31. Ra3 Nxe4 32. Rxa6 Bd4 33. a4
bxa4 34. Rxa4 Nd6 35. Kf3 Ke6 36. g4 Kd5 37. Ra8 Bc3 38. Rb8 Kc4 39. g5 Bxb4 40.
Rh8 Kd5 41. Rxh7 Bc3 42. Rh8 Ke6 43. Rf8 Ke7 44. Ra8 Ke6 45. Ra6 Ke7 46. h4 Nf5
47. h5 Kf7 48. Ra3 Bb2 49. Ra2 Bc3 50. Rh2 Kg8 51. Rh3 Nd6 52. Kg4 Bb2 53. f5
Kf7 54. Rb3 Be5 55. Ra3 Ne8 56. Ra7+ Nc7 57. Kf3 Kf8 58. Ke4 Bd6 59. Rb7 Ne8 60.
Rd7 Be7 61. Kf4 Ba3 62. Kg4 Bb2 63. Rb7 Bd4 64. Rb4 Bc5 65. Rc4 Be7 66. Rc8 Kf7
67. g6+ Kf8 68. h6 gxh6 69. g7+ Kxg7 70. Rxe8 Kf6 71. Rh8 Kg7 72. Ra8 Kf6 73.
Ra6+ Kf7 74. Rxh6 Bb4 75. Rb6 Bd2 76. Rc6 Be3 77. Kf3 Bg5 78. Ke4 Bh4 79. Ra6
Bg3 80. Ra3 Bh4 81. Rh3 Bg5 82. Rh7+ Kf6 83. Rc7 Bh4 84. Rc6+ Kf7 85. Ra6 Bg3
86. Ke3 Bh4 87. Kf3 Be1 88. Ke4 Bg3 {Game drawn by repetition} 1/2-1/2

[Event "Team 45 45 League T50"]
[Site "Internet Chess Club"]
[Date "2011.08.13"]
[Round "1"]
[White "elpiratasergio"]
[Black "Nakke"]
[Result "0-1"]
[WhiteElo "1631"]
[BlackElo "1706"]
[Opening "Van't Kruijs opening"]
[ECO "A00"]
[Time "17:07:19"]
[TimeControl "2700+45"]

1. e3 c5 2. Nf3 Nc6 3. d4 cxd4 4. Nxd4 Nf6 5. Nc3 e5 6. Nb3 d5 7. Bd2 Be7 8. g3
O-O 9. Bg2 Bg4 10. f3 Be6 11. Qe2 Rc8 12. O-O-O Qc7 13. Be1 Rfd8 14. Bf2 Na5 15.
f4 e4 16. h3 Nc4 17. g4 Nxb2 18. Nb5 Qc4 19. Qxc4 Nxc4 20. f5 Bd7 21. N5d4 Bc6
22. Bf1 Nb6 23. Be2 Ne8 24. h4 Nd6 25. g5 Ndc4 26. Rdg1 Be8 27. h5 Ba3+ 28. Kb1
Na4 29. f6 Nc3+ {White resigns} 0-1

[Event "Team 45 45 League T50"]
[Site "Internet Chess Club"]
[Date "2011.08.17"]
[Round "1"]
[White "beitmery"]
[Black "adrianelpirata"]
[Result "0-1"]
[WhiteElo "1586"]
[BlackElo "1625"]
[Opening "Queen's Indian: 4.Nc3"]
[ECO "E12"]
[Time "16:15:20"]
[TimeControl "2700+45"]

1. d4 Nf6 2. c4 e6 3. Nc3 b6 4. Nf3 Bb7 5. Bg5 Be7 6. e3 h6 7. Bh4 Ne4 8. Bxe7
Qxe7 9. Qc2 Nxc3 10. Qxc3 Bxf3 11. gxf3 Rg8 12. d5 exd5 13. cxd5 a5 14. Qxc7
Qb4+ 15. Qc3 Na6 16. Rc1 Rc8 17. Qxb4 Rxc1+ 18. Kd2 Nxb4 19. Kxc1 Nxa2+ 20. Kd2
Nb4 21. e4 Ke7 22. Bb5 Rc8 23. Rc1 Rxc1 24. Kxc1 d6 25. Kd2 Kf6 26. Ke3 g5 27.
f4 Nc2+ 28. Kd3 Nb4+ 29. Kc4 gxf4 30. f3 Kg5 31. Bd7 Kf6 32. h4 Ke5 33. Kb5 Nd3
34. b3 Nc5 35. Bc6 Nxb3 36. Kxb6 Nd4 37. Kxa5 Nxf3 38. Be8 Nxh4 39. Bxf7 Kxe4
40. Bh5 Kxd5 41. Kb5 f3 42. Kb4 f2 43. Be2 Kd4 44. Kb3 Ke3 45. Bf1 d5 {White
resigns} 0-1

[Event "Team 45 45 League T50"]
[Site "Internet Chess Club"]
[Date "2011.08.14"]
[Round "1"]
[White "fishhead"]
[Black "CaoCao"]
[Result "1/2-1/2"]
[WhiteElo "1840"]
[BlackElo "1879"]
[Opening "Ruy Lopez: Schliemann defense, Berger variation"]
[ECO "C63"]
[Time "13:30:17"]
[TimeControl "2700+45"]

1. e4 e5 2. Nf3 Nc6 3. Bb5 f5 4. Nc3 fxe4 5. Nxe4 d5 6. Nxe5 dxe4 7. Nxc6 Qg5 8.
Qe2 Nf6 9. Ne5+ c6 10. Nxc6 a6 11. Nd4+ axb5 12. Qxb5+ Qxb5 13. Nxb5 Ra5 14. Nc3
Bb4 15. Ne2 Bg4 16. h3 Bxe2 17. Kxe2 O-O 18. c3 Bd6 19. d4 exd3+ 20. Kxd3 Rd5+
21. Kc2 Ne4 22. f3 Ng3 23. Rd1 Rxd1 24. Kxd1 Re8 {Game drawn by mutual
agreement} 1/2-1/2

[Event "Team 45 45 League T50"]
[Site "Internet Chess Club"]
[Date "2011.08.14"]
[Round "1"]
[White "hewdondada"]
[Black "chessattack1"]
[Result "0-1"]
[WhiteElo "1767"]
[BlackElo "1889"]
[Opening "QGD semi-Slav"]
[ECO "D43"]
[Time "19:01:37"]
[TimeControl "2700+45"]

1. d4 d5 2. c4 c6 3. Nf3 Nf6 4. Nc3 e6 5. cxd5 exd5 6. Bg5 Be7 7. Qc2 Bg4 8. Ne5
Bh5 9. e3 Nbd7 10. Nxd7 Qxd7 11. Bd3 Bg6 12. O-O O-O 13. Bxf6 Bxf6 14. b4 Bxd3
15. Qxd3 Rfe8 16. Na4 Be7 17. a3 Bf8 18. Rac1 Re6 19. Nc5 Bxc5 20. Rxc5 Rg6 21.
f3 Re8 22. b5 Rge6 23. bxc6 bxc6 24. Re1 Qe7 25. Rc3 Rh6 26. Qd2 Qh4 27. g3 Qg5
28. Rec1 Qf5 29. Qf2 Qd7 30. Qc2 Rhe6 31. Qd2 Qe7 32. Re1 h6 33. Kf2 Qg5 34. Qc1
Qh5 35. Kg2 Rf6 36. g4 Qg6 37. Qc2 h5 38. Qxg6 Rxg6 39. h3 hxg4 40. hxg4 f5 41.
Rec1 fxg4 42. Rxc6 Rxc6 43. Rxc6 Rxe3 44. fxg4 Re4 45. Kf3 Rxd4 46. Ra6 Kf7 47.
Rxa7+ Kf6 48. a4 Rd3+ 49. Ke2 Ra3 50. Ra5 Ke5 51. Kf2 g5 52. Ra6 Kf4 53. Rd6
Ra2+ 54. Kg1 Kg3 55. Kf1 Ra1+ 56. Ke2 Rxa4 57. Rxd5 Rxg4 58. Rf5 Kh2 59. Kf3 Rg1
60. Kf2 Rg3 61. Rf6 g4 62. Rh6+ Rh3 63. Rg6 g3+ 64. Kf3 Rh8 65. Rf6 g2 {White
resigns} 0-1

[Event "Team 45 45 League T50"]
[Site "Internet Chess Club"]
[Date "2011.08.15"]
[Round "1"]
[White "JFlamer"]
[Black "RamRock"]
[Result "1/2-1/2"]
[WhiteElo "1718"]
[BlackElo "1731"]
[Opening "Caro-Kann: classical variation"]
[ECO "B18"]
[Time "21:00:33"]
[TimeControl "2700+45"]

1. e4 c6 2. d4 d5 3. Nc3 dxe4 4. Nxe4 Bf5 5. Ng3 Bg6 6. Nf3 Nd7 7. Bd3 e6 8. Bf4
Ngf6 9. Bxg6 hxg6 10. c3 Nh5 11. Nxh5 gxh5 12. Qb3 Nb6 13. O-O Qd5 14. Rfe1 Qxb3
15. axb3 Nd5 16. Bg3 Be7 17. h3 c5 18. Rad1 cxd4 19. Nxd4 O-O 20. Nf5 Bf6 21.
Nd6 b6 22. Ne4 Rfd8 23. Kf1 Be7 24. Nd2 Bd6 25. Bxd6 Rxd6 26. Nc4 Rdd8 27. Ne5
Rac8 28. Rd4 f6 29. Ng6 Kf7 30. Nh4 e5 31. Rdd1 g6 32. Nf3 Nf4 33. b4 Ke7 34.
Nh4 Rxd1 35. Rxd1 Rd8 36. Rxd8 Kxd8 37. Nf3 Kd7 38. h4 Kc6 39. Ne1 a5 40. bxa5
bxa5 41. g3 Ne6 42. Nd3 a4 43. Ke2 Kd5 44. f3 Kc4 45. Ke3 Ng7 46. g4 Ne8 47.
gxh5 gxh5 48. f4 Kd5 49. fxe5 fxe5 50. c4+ Kxc4 51. Nxe5+ Kb3 52. Nd3 Nd6 53.
Kf4 Kc4 54. Nc1 Kb4 55. Nd3+ Kc4 {Game drawn by mutual agreement} 1/2-1/2

[Event "Team 45 45 League T50"]
[Site "Internet Chess Club"]
[Date "2011.08.14"]
[Round "1"]
[White "RD1974"]
[Black "Superman"]
[Result "1-0"]
[WhiteElo "1693"]
[BlackElo "1762"]
[Opening "French: King's Indian attack"]
[ECO "C00"]
[Time "16:02:57"]
[TimeControl "2700+45"]

1. e4 e6 2. d3 d5 3. Nd2 Nf6 4. Ngf3 c5 5. g3 Be7 6. Bg2 Nc6 7. O-O O-O 8. e5
Nd7 9. Re1 Qc7 10. Qe2 b5 11. c3 a5 12. c4 bxc4 13. dxc4 d4 14. Ne4 Ndxe5 15.
Nxe5 Qxe5 16. Bf4 Qf5 17. Bd6 Bb7 18. Bxe7 Nxe7 19. Nd6 Qf6 20. Nxb7 Rac8 21.
Nxa5 Rfd8 22. Qd3 Ng6 23. Nc6 Rd6 24. Na7 Re8 25. Nb5 Rdd8 26. f4 Re7 27. a4 e5
28. f5 e4 29. Bxe4 Ne5 30. Qf1 d3 31. Bd5 Qh6 32. Qf4 Qxf4 33. gxf4 Rxd5 34.
cxd5 Nf3+ 35. Kf2 Nxe1 36. Rxe1 {Black resigns} 1-0

[Event "Team 45 45 League T50"]
[Site "Internet Chess Club"]
[Date "2011.08.13"]
[Round "1"]
[White "mickeys"]
[Black "fileman"]
[Result "1/2-1/2"]
[WhiteElo "1951"]
[BlackElo "1866"]
[Opening "Queen's pawn game, Chigorin variation"]
[ECO "A40"]
[Time "10:03:59"]
[TimeControl "2700+45"]

1. d4 Nc6 2. Nf3 d5 3. Bf4 Nf6 4. h3 Bf5 5. c3 h6 6. e3 e6 7. Bd3 Bxd3 8. Qxd3
Bd6 9. O-O a6 10. Nbd2 O-O 11. Be5 Bxe5 12. Nxe5 Nxe5 13. dxe5 Nd7 14. f4 c5 15.
e4 Nb6 16. exd5 Qxd5 17. Qe2 Rad8 18. Ne4 Qc4 19. Qc2 Rd7 20. Nd6 Qd5 21. Rfd1
Qc6 22. Rd2 Rfd8 23. Rad1 Nd5 24. Qe4 Ne7 25. Qxc6 Nxc6 26. Kf2 Ne7 27. g4 Nc8
28. Ke2 Nxd6 29. Kf3 Kf8 30. exd6 f6 31. c4 Kf7 32. Ke4 g6 33. b3 b6 34. h4 Kg7
35. Rd3 Kf7 36. R1d2 Re8 37. a4 a5 38. Rd1 Red8 39. g5 h5 40. R1d2 f5+ 41. Ke5
Re8 42. Re3 Ra8 {Game drawn by mutual agreement} 1/2-1/2

[Event "Team 45 45 League T50"]
[Site "Internet Chess Club"]
[Date "2011.08.11"]
[Round "1"]
[White "Plattner"]
[Black "BTop"]
[Result "1-0"]
[WhiteElo "1724"]
[BlackElo "1833"]
[Opening "French: Winawer, classical variation"]
[ECO "C18"]
[Time "09:01:19"]
[TimeControl "2700+45"]

1. e4 e6 2. d4 d5 3. Nc3 Bb4 4. e5 c5 5. a3 Bxc3+ 6. bxc3 Qc7 7. Bd3 cxd4 8.
cxd4 Qc3+ 9. Bd2 Qxd4 10. Nf3 Qb6 11. O-O Nc6 12. c4 Nge7 13. Be3 Qc7 14. cxd5
Nxd5 15. Bc5 Nxe5 16. Rc1 Nxd3 17. Qxd3 b6 18. Bd4 Nf4 19. Qe3 Nxg2 20. Kxg2 Qe7
21. Be5 Bb7 22. Rc7 Bxf3+ 23. Qxf3 Qg5+ 24. Qg3 Qxg3+ 25. hxg3 O-O 26. Rd1 f6
27. Rdd7 Rfd8 28. Rxg7+ Kf8 {Black resigns} 1-0

[Event "Team 45 45 League T50"]
[Site "Internet Chess Club"]
[Date "2011.08.13"]
[Round "1"]
[White "pishd"]
[Black "fireball"]
[Result "1-0"]
[WhiteElo "1749"]
[BlackElo "1651"]
[Opening "Queen's pawn game"]
[ECO "A46"]
[Time "09:03:28"]
[TimeControl "2700+45"]

1. d4 Nf6 2. Nf3 e6 3. Bf4 Bb4+ 4. c3 Ba5 5. b4 Bb6 6. a4 a5 7. b5 O-O 8. c4 c5
9. e3 d5 10. Bd3 dxc4 11. Bxc4 cxd4 12. exd4 Qe7 13. O-O Rd8 14. Be5 Nbd7 15.
Qe2 Nf8 16. Nc3 Ng6 17. Rad1 Qb4 18. Bxf6 gxf6 19. Ne4 Kg7 20. Qa2 Bd7 21. d5
Rac8 22. Rc1 exd5 23. Bxd5 Re8 24. Ng3 Rxc1 25. Rxc1 Nf4 26. Bxf7 Re7 27. Bc4
Qc5 28. Qd2 Re2 29. Qxd7+ Re7 30. Qg4+ Ng6 31. Nf5+ Kf8 32. Qd4 Qxf5 33. Qxb6
Qe4 34. Qxf6+ Ke8 35. Bf1 Qxa4 36. Re1 Qb4 37. Rxe7+ Nxe7 38. Qh8+ Kd7 39. Qd4+
{Black resigns} 1-0

[Event "Team 45 45 League T50"]
[Site "Internet Chess Club"]
[Date "2011.08.15"]
[Round "1"]
[White "hcube"]
[Black "losscause"]
[Result "1/2-1/2"]
[WhiteElo "1614"]
[BlackElo "1605"]
[Opening "Sicilian defense"]
[ECO "B44"]
[Time "18:30:19"]
[TimeControl "2700+45"]

1. e4 e6 2. d4 c5 3. Nf3 cxd4 4. Nxd4 Nc6 5. c4 Nf6 6. Nc3 Bb4 7. Nxc6 Bxc3+ 8.
bxc3 bxc6 9. e5 Ne4 10. Qc2 d5 11. cxd5 cxd5 12. Bb5+ Bd7 13. Bxd7+ Qxd7 14. Be3
Qc6 15. Bd4 O-O 16. O-O a6 17. Rfe1 Rac8 18. Rac1 Rc7 19. f3 Nc5 20. Re3 Rfc8
21. Rb1 Rb7 22. Kf2 Rcb8 23. Ree1 Rb2 24. Kg1 Rxb1 25. Rxb1 Rxb1+ 26. Qxb1 Nb7
27. Qb4 Qb5 28. a4 Qc6 29. Bb6 Qd7 30. a5 f5 31. Kf2 Kf7 32. Ke3 Ke8 33. f4 Qc6
{Game drawn by mutual agreement} 1/2-1/2

[Event "Team 45 45 League T50"]
[Site "Internet Chess Club"]
[Date "2011.08.14"]
[Round "1"]
[White "Pacini"]
[Black "daniguti"]
[Result "0-1"]
[WhiteElo "2001"]
[BlackElo "1791"]
[Opening "Giuoco Piano"]
[ECO "C44"]
[Time "19:30:18"]
[TimeControl "2700+45"]

1. e4 e5 2. Nf3 Nc6 3. d4 exd4 4. Bc4 Bc5 5. c3 Nf6 6. cxd4 Bb4+ 7. Bd2 Bxd2+ 8.
Nbxd2 d5 9. exd5 Nxd5 10. O-O O-O 11. Ne5 Nce7 12. Qh5 c6 13. Ndf3 h6 14. Rfe1
Be6 15. Rac1 Qb6 16. b3 a5 17. Re4 Nf6 18. Qh4 Nf5 19. Qf4 Nxe4 20. Bxe6 fxe6
21. Nd7 Nxd4 22. Qxe4 Nxf3+ 23. Qxf3 Rxf3 24. Nxb6 Ra6 25. gxf3 Rxb6 26. Rc4 Rb5
27. h4 Kf7 28. Kg2 Rb4 29. Re4 Rxe4 30. fxe4 b5 31. f4 e5 32. Kf3 Kf6 33. h5
exf4 34. Kxf4 g5+ 35. hxg6 h5 36. g7 Kxg7 37. Kg5 c5 38. a3 c4 {White resigns}
0-1

[Event "Team 45 45 League T50"]
[Site "Internet Chess Club"]
[Date "2011.08.13"]
[Round "1"]
[White "Tamarin"]
[Black "kabindra"]
[Result "1-0"]
[WhiteElo "1888"]
[BlackElo "1837"]
[Opening "King's Indian: orthodox, Aronin-Taimanov, bayonet attack"]
[ECO "E97"]
[Time "21:30:25"]
[TimeControl "2700+45"]

1. d4 Nf6 2. c4 g6 3. Nc3 Bg7 4. e4 d6 5. Nf3 O-O 6. Be2 e5 7. O-O Nc6 8. d5 Ne7
9. b4 Nh5 10. c5 Nf4 11. Bxf4 exf4 12. Rc1 f5 13. cxd6 cxd6 14. Bd3 a6 15. Qd2
fxe4 16. Bxe4 Bf5 17. Qxf4 Bxe4 18. Qxe4 Nf5 19. Qd3 Rc8 20. Ne4 h6 21. Rc2 Rxc2
22. Qxc2 Qb6 23. a3 Nd4 24. Nxd4 Bxd4 25. Qd2 Bg7 26. Rc1 Kh7 27. Kh1 Be5 28.
Qd3 Qd8 29. Qh3 Bd4 30. f3 Be3 31. Rc3 Ba7 32. Qe6 Qb6 33. Qe7+ Kg8 34. Rc1 Qe3
35. Nf6+ Rxf6 36. Rc8+ {Black resigns} 1-0

[Event "Team 45 45 League T50"]
[Site "Internet Chess Club"]
[Date "2011.08.16"]
[Round "1"]
[White "Bacon1290"]
[Black "Schack"]
[Result "1-0"]
[WhiteElo "1759"]
[BlackElo "1685"]
[Opening "Ruy Lopez: 5.O-O"]
[ECO "C78"]
[Time "19:00:08"]
[TimeControl "2700+45"]

1. e4 e5 2. Nf3 Nc6 3. Bb5 a6 4. Ba4 Nf6 5. O-O b5 6. Bb3 Bc5 7. c3 d6 8. d4 Bb6
9. Re1 Bg4 10. Be3 O-O 11. h3 Bxf3 12. gxf3 Qd7 13. Kh2 Na5 14. Bc2 Nc4 15. Rg1
Nxb2 16. Qc1 Nc4 17. Bh6 g6 18. Bxf8 Rxf8 19. Qd1 Nh5 20. Nd2 Ba5 21. Nxc4 Bxc3
22. Nd2 Nf4 23. Rg3 Bxd4 24. Rb1 Bxf2 25. Rg4 h5 26. Rxf4 exf4 27. Nb3 Qe7 28.
Qf1 Bg3+ 29. Kg2 Rd8 30. Nd4 Qf6 31. Nc6 Qc3 32. Qd3 Qxc6 33. e5 d5 34. Bb3 Qe6
35. Rd1 c6 36. Qd4 g5 37. Qb6 Rd7 38. Qxa6 g4 39. Qc8+ Kg7 40. hxg4 hxg4 41. Rh1
Kg6 42. Bc2+ Kg5 43. Qg8+ {Black resigns} 1-0

[Event "Team 45 45 League T50"]
[Site "Internet Chess Club"]
[Date "2011.08.17"]
[Round "1"]
[White "clarinetref"]
[Black "PJ"]
[Result "1/2-1/2"]
[WhiteElo "1635"]
[BlackElo "1765"]
[Opening "Nimzovich-Larsen attack: symmetrical variation"]
[ECO "A01"]
[Time "10:37:35"]
[TimeControl "2700+45"]

1. b3 b6 2. Bb2 Bb7 3. e3 e6 4. Nf3 Nf6 5. Be2 Be7 6. O-O O-O 7. c4 d5 8. cxd5
Nxd5 9. Nc3 Bf6 10. d4 Nxc3 11. Bxc3 Ba6 12. Bxa6 Nxa6 13. Qe2 Qc8 14. Qb2 c6
15. Rac1 Qb7 16. Nd2 Rac8 17. Ne4 Be7 18. Nd2 Bb4 19. a3 Bxc3 20. Rxc3 Nc7 21.
Ne4 Nb5 22. Rc2 Qd7 23. Rfc1 Rc7 24. a4 Nd6 25. Nxd6 Qxd6 26. Rd2 Rd8 27. b4
Rdc8 28. g3 g6 29. Rc3 f6 30. b5 cxb5 31. Rxc7 Qxc7 32. axb5 Qc1+ 33. Qxc1 Rxc1+
34. Kg2 Kf7 35. Ra2 Rc7 36. Kf3 f5 37. Ke2 Kf6 38. f3 e5 39. d5 e4 40. d6 Rd7
41. fxe4 fxe4 42. Ra4 Ke5 43. h3 h6 44. g4 Kd5 45. Rd4+ Ke5 46. Ra4 Rxd6 47.
Rxa7 Rd5 48. Re7+ Kf6 49. Rxe4 Rxb5 50. Kd3 Rd5+ 51. Kc4 Re5 52. Rf4+ Kg5 53.
Kd4 Ra5 54. Rf3 h5 55. gxh5 Kxh5 56. e4 Ra4+ 57. Kd5 b5 58. e5 b4 59. Rb3 Kg5
60. e6 Ra5+ 61. Kd6 Kf6 62. Rxb4 Ra6+ 63. Kd7 Ra7+ 64. Kd6 Ra6+ 65. Kd7 Ra7+ 66.
Kd6 Ra6+ 67. Kd7 Ra7+ 68. Kd6 {Game drawn by repetition} 1/2-1/2

[Event "Team 45 45 League T50"]
[Site "Internet Chess Club"]
[Date "2011.08.14"]
[Round "1"]
[White "MeanMrMustard"]
[Black "rahulr"]
[Result "1-0"]
[WhiteElo "1811"]
[BlackElo "1594"]
[Opening "Alekhine's defense: exchange variation"]
[ECO "B03"]
[Time "10:12:22"]
[TimeControl "2700+45"]

1. e4 Nf6 2. e5 Nd5 3. d4 d6 4. c4 Nb6 5. exd6 exd6 6. Nc3 Nc6 7. Nf3 Bg4 8. Be3
Be7 9. b3 O-O 10. Be2 Re8 11. O-O Bf6 12. Rc1 Qd7 13. h3 Bh5 14. a3 Rad8 15. d5
Ne7 16. Bd4 Bxd4 17. Qxd4 Nf5 18. Qf4 Bg6 19. Rfe1 Re7 20. g4 Nh6 21. Nh4 Rde8
22. Nxg6 fxg6 23. Qd2 Nf7 24. Bf3 Ne5 25. Bg2 Rf8 26. f4 Nexc4 27. bxc4 Nxc4 28.
Rxe7 Qxe7 29. Qe2 Qxe2 30. Nxe2 Nxa3 31. Rxc7 Re8 32. Kf2 Rb8 33. Nd4 a5 34. Be4
a4 35. Rc3 Nc2 36. Bxc2 b5 37. Nxb5 Rxb5 38. Bxa4 Rxd5 39. Bb3 {Black resigns}
1-0

[Event "Team 45 45 League T50"]
[Site "Internet Chess Club"]
[Date "2011.08.13"]
[Round "1"]
[White "Hal2001"]
[Black "ghostfire"]
[Result "0-1"]
[WhiteElo "1678"]
[BlackElo "1721"]
[Opening "Sicilian: closed"]
[ECO "B23"]
[Time "22:01:25"]
[TimeControl "2700+45"]

1. e4 c5 2. Nc3 d6 3. f4 g6 4. Nf3 Bg7 5. Bc4 e6 6. O-O Ne7 7. Qe1 O-O 8. a3
Nbc6 9. Qg3 Nd4 10. Nxd4 Bxd4+ 11. Kh1 a6 12. Ne2 Bg7 13. c3 b5 14. Ba2 Qb6 15.
Qh4 Ra7 16. d3 b4 17. f5 exf5 18. exf5 Nxf5 19. Qf2 bxa3 20. bxa3 Re7 21. Rb1
Qc6 22. Bg5 Rb7 23. d4 Rxb1 24. Rxb1 cxd4 25. cxd4 Qc2 26. Ra1 Bxd4 27. Bb3 Qb2
{White resigns} 0-1